 Dungeon Crawl Stone Soup version 0.27.1-4-g1640c2035a (webtiles) character file.

Game seed: 2517969510368761819

4157 Stomo444 the Basher (level 10, 0/58 HPs)
             Began as a Vine Stalker Monk on Nov 9, 2021.
             Was an Elder of Okawaru.
             Splashed by a brown ugly thing's acid (5 damage)
             ... on level 7 of the Dungeon.
             The game lasted 00:20:45 (8074 turns).

Stomo444 the Basher (Vine Stalker Monk)             Turns: 8074, Time: 00:20:46

Health: 0/58       AC: -2    Str: 17    XL:     10   Next: 28%
Magic:  0/11       EV: 15    Int: 10    God:    Okawaru [****..]
Gold:   303        SH:  0    Dex: 17    Spells: 9/9 levels left

rFire    . . .     SeeInvis .   A - +2 mace (venom)
rCold    . . .     Faith    .   (no shield)
rNeg     . . .     Spirit   +   b - +0 robe
rPois    .         Reflect  .   (no helmet)
rElec    .         Harm     .   (no cloak)
rCorr    .         Rampage  .   (no gloves)
Will     +....                  (no boots)
Stlth    ++........             (no amulet)
HPRegen  1.19/turn              e - +4 ring of protection
MPRegen  0.12/turn              C - +4 ring of slaying

@: about to teleport, corroded, slowed, studying Shields, very slow
A: fangs 3, regeneration 1, magic shield, antimagic bite, no potion heal 2
a: Renounce Religion, Heroism


You were on level 7 of the Dungeon.
You worshipped Okawaru.
Okawaru was greatly pleased with you.
You visited 1 branch of the dungeon, and saw 7 of its levels.

You collected 303 gold pieces.

Inventory:

Hand Weapons
 a - a +0 mace
 A - a +2 mace of venom (weapon)
Armour
 b - a +0 robe (worn)
Jewellery
 e - a +4 ring of protection (left hand)
 n - a ring of flight
 o - a ring of ice
 y - a ring of fire
 C - a +4 ring of slaying (right hand)
 G - a ring of protection from cold
Wands
 F - a wand of flame (13)
Scrolls
 f - a scroll of acquirement {unknown}
 h - 5 scrolls of identify {unknown}
 j - a scroll of summoning {unknown}
 k - 7 scrolls of teleportation
 r - a scroll of magic mapping {unknown}
 s - a scroll of holy word {unknown}
 t - a scroll of torment {unknown}
 v - 2 scrolls of noise {unknown}
 w - a scroll of immolation {unknown}
 x - a scroll of enchant weapon {unknown}
 z - a scroll of amnesia {unknown}
 D - a scroll of fear {unknown}
 E - a scroll of blinking {unknown}
Potions
 c - 3 potions of curing
 d - 4 potions of lignification
 g - 2 potions of attraction {unknown}
 i - a potion of magic {unknown}
 l - a potion of heal wounds {unknown}
 m - 4 potions of brilliance {unknown}
 p - a potion of resistance {unknown}
 q - 2 potions of berserk rage {unknown}
 u - 3 potions of flight {unknown}
 B - 2 potions of might


   Skills:
 * Level 9.0 Fighting
 * Level 9.0 Maces & Flails
 + Level 6.0 Dodging
 - Level 2.4 Stealth


You had 9 spell levels left.
You didn't know any spells.
Your spell library contained the following spells:

 Spells                   Type           Power      Damage    Failure   Level
 Sandblast                Erth           0%         2d4       36%         1
 Passwall                 Tmut/Erth      0%         N/A       50%         2
 Gell's Gravitas          Tloc           0%         N/A       75%         3
 Teleport Other           Tloc           0%         N/A       75%         3
 Lee's Rapid Deconstruct  Erth           0%         3d5*      100%        5
 Dispersal                Tloc           0%         N/A       100%        6


Dungeon Overview and Level Annotations

Branches:
Dungeon (7/15)             Temple (0/1) D:7

Altars:
Okawaru

Shops:
D:3 [   D:6 ?

Annotations:
D:6 1 runed translucent door, Icepheonix32's ghost, novice DsTm


Innate Abilities, Weirdness & Mutations

You have razor-sharp teeth.
Your natural rate of healing is unusually fast.
When hurt, damage is shared between your health and your magic reserves.
Your bite disrupts and absorbs the magic of your enemies.
Potions cannot restore your health.


Message History

A magic dart appears from out of thin air!
The magic dart hits you!
* * * LOW HITPOINT WARNING * * *
Your Fighting skill increases to level 9!
Your Dodging skill increases to level 6!
Things that are here:
a +0 vorpal battleaxe; a +0 plate armour; an orc corpse An orc wizard appears from thin air!
Reactivating autopickup.
The orc wizard gestures wildly while chanting.
The orc wizard flickers and vanishes!
Deactivating autopickup; reactivate with Ctrl-A.
The brown ugly thing closely misses you.
The kobold brigand throws a curare-tipped dart.
The curare-tipped dart hits you.
You are poisoned.
You have difficulty breathing.
You feel yourself slow down.
You feel very sick. The brown ugly thing misses you.
You feel very sick.
You feel sick.
You feel sick.
You feel sick. The brown ugly thing trunk-slaps you! The acid corrodes you!
You are splashed with acid!
* * * LOW HITPOINT WARNING * * *
Your system rejects the healing.
You feel better.
The brown ugly thing closely misses you.
Unknown command.
The brown ugly thing trunk-slaps you.
* * * LOW HITPOINT WARNING * * *
The acid corrodes you!
You are splashed with acid!
* * * LOW HITPOINT WARNING * * *
Okay, then.
Okay, then.
As you read the scroll labelled BUMAOK ATUA, it crumbles to dust.
You feel strangely unstable.
It was a scroll of teleportation.
The brown ugly thing trunk-slaps you!
* * * LOW HITPOINT WARNING * * *
You are splashed with acid.
You die...

#.# #..##.####..##.#.#
#.#####..............#.#
#........##.####.#...#.#
####[#.............#.#.#
#.#.K....K.....##...#
#.##.###.#####.##...#
#†##.# #............#
#..cu# ########.#(#.#
####@# ##....#.#
#.########.....#)#
#...>..........#c#
#.########.....#♣K #.#
##....#♣♣ #.# ##.#.###
#.####### #......
#.......#######.#.
#######.........#.


You could see a brown ugly thing, a kobold brigand and a centaur.

Vanquished Creatures
  A skeletal warrior (D:5)
  An unseen horror (D:7)
  Grinder (D:6)
  Sigmund (D:2)
  A wyvern (D:6)
  Menkaure (D:7)
  2 water moccasins (D:7)
  2 orc warriors
  2 ice beasts
  A hornet zombie (D:4)
  3 ogres
  3 centaurs (D:7)
  2 phantoms (D:3)
  2 bullfrogs (D:7)
  5 scorpions
  A water moccasin zombie (D:7)
  A killer bee (D:5)
  A wight (D:7)
  2 howler monkeys
  A centaur zombie (D:6)
  A bullfrog zombie (D:6)
  A jelly (D:7)
  A bullfrog skeleton (D:5)
  3 orc priests (D:6)
  2 hounds (D:5)
  5 iguanas
  Jessica (D:3)
  5 orc wizards
  2 hound skeletons
  Robin (D:3)
  A gnoll (D:3)
  A howler monkey skeleton (D:5)
  4 adders
  A shadow imp (D:3)
  A white imp (D:7)
  An ufetubus (D:7)
  4 worms
  5 dart slugs
  18 orcs
  9 ball pythons
  7 endoplasms
  5 giant cockroaches
  13 goblins
  11 hobgoblins
  2 jackals (D:1)
  3 kobolds (D:2)
  3 quokkas
  2 ball python skeletons (D:2)
  2 ball python zombies (D:2)
  8 bats
  5 frilled lizards
  A quokka skeleton (D:2)
  A quokka zombie (D:2)
  8 rats
172 creatures vanquished.

Vanquished Creatures (others)
  An orc wizard (D:5)
  12 plants
  4 withered plants (D:2)
17 creatures vanquished.

Grand Total: 189 creatures vanquished

Notes
Turn   | Place    | Note
-------+----------+-------------------------------------------
     0 | D:1      | Stomo444 the Vine Stalker Monk began the quest for the Orb.
     0 | D:1      | Reached XP level 1. HP: 11/11 MP: 2/2
   198 | D:1      | Reached XP level 2. HP: 16/16 MP: 3/3
   875 | D:1      | Reached XP level 3. HP: 19/20 MP: 4/4
  1524 | D:2      | Found a faded altar of an unknown god.
  1550 | D:2      | Noticed Sigmund
  1902 | D:2      | Gained mutation: Your natural rate of healing is unusually
                  | fast. [Vine Stalker growth]
  1902 | D:2      | Reached XP level 4. HP: 18/24 MP: 5/5
  2490 | D:2      | Killed Sigmund
  2491 | D:2      | Reached XP level 5. HP: 19/30 MP: 6/6
  2491 | D:2      | Reached XP level 6. HP: 21/34 MP: 7/7
  2690 | D:3      | Noticed Jessica
  2699 | D:3      | Killed Jessica
  2821 | D:3      | Reached XP level 7. HP: 25/38 MP: 3/8
  2948 | D:3      | Reached skill level 5 in Fighting
  2948 | D:3      | Reached skill level 5 in Maces & Flails
  3131 | D:3      | Found Kosydog's Antique Armour Boutique.
  3185 | D:3      | Noticed Robin
  3234 | D:3      | Killed Robin
  3844 | D:4      | Gained mutation: You have razor-sharp teeth. [Vine Stalker
                  | growth]
  3844 | D:4      | Reached XP level 8. HP: 28/44 MP: 7/9
  4197 | D:5      | Entered Level 5 of the Dungeon
  4417 | D:5      | HP: 2/44 [ogre (25)]
  5133 | D:5      | Found an iron altar of Okawaru.
  5145 | D:5      | Became a worshipper of Warmaster Okawaru
  5145 | D:5      | Reached * piety under Okawaru
  5145 | D:5      | Reached ** piety under Okawaru
  5551 | D:6      | Found Ewewaan's Magic Scroll Emporium.
  5572 | D:6      | Noticed Grinder
  5588 | D:6      | Killed Grinder
  5589 | D:6      | Reached XP level 9. HP: 38/50 MP: 10/10
  5593 | D:6      | Noticed Icepheonix32's ghost (novice DsTm)
  5596 | D:6      | Found a runed translucent door.
  5603 | D:6      | Noticed a skeletal warrior
  5603 | D:6      | Noticed a skeletal warrior
  5604 | D:6      | Noticed a skeletal warrior
  6243 | D:6      | HP: 2/50 [skeletal warrior[a skeletal warrior] (22)]
  6692 | D:5      | HP: 2/50 [skeletal warrior[a skeletal warrior] (18)]
  7154 | D:5      | Killed a skeletal warrior
  7155 | D:5      | Reached skill level 5 in Dodging
  7283 | D:6      | Reached *** piety under Okawaru
  7705 | D:7      | Found a staircase to the Ecumenical Temple.
  7841 | D:7      | Killed an unseen horror
  7842 | D:7      | Reached XP level 10. HP: 31/57 MP: 4/11
  7912 | D:7      | Reached **** piety under Okawaru
  7995 | D:7      | Noticed Menkaure
  7999 | D:7      | Killed Menkaure
  8016 | D:7      | Noticed a brown ugly thing
  8074 | D:7      | Splashed by a brown ugly thing's acid

Illustrated notes

Levels and vault maps discovered:
D:1:      nicolae_arrival_washed_ashore, layout_loops_cross,
          chequers_serial_rivers_large_b, bh_walls_and_bars
D:2:      layout_loops_ring, hellmonk_ecumenical_altar_run_dry, serial_undead,
          serial_undead_b, serial_undead_e, serial_undead_e, serial_undead_f,
          minmay_split_cup_small, uniq_sigmund
D:3:      minmay_angry_zag, layout_loops_corners, serial_shops,
          nicolae_shop_stone, serial_bayou_lagoon_b, uniq_robin, uniq_jessica
D:4:      layout_basic, serial_co_window_serial, co_window_of_opportunity_a,
          co_window_paths_a, co_window_paths_a, co_window_paths_b,
          co_window_of_opportunity_a, co_window_unsneaky_path_d,
          co_window_2corner, co_window_2corner, co_window_corner_b
D:5:      layout_gridville, okawaru_ov_weapons_minmay, dk_vineyard_1,
          minmay_crystal_room, minmay_manual_monolith
D:6:      layout_gridville, hellmonk_ghost_happy_afterlife, serial_shops,
          kennysheep_little_box, dk_rats_in_the_wall, uniq_grinder
D:7:      nzn_winding_woodlands_small [nzn_winding_woodlands_5x15_sidewinder,
          nzn_winding_woodlands_center_garden,
          nzn_winding_woodlands_5x15_longhouse], layout_loops_ring,
          temple_doors_e, uniq_menkaure

Skill      XL: |  1  2  3  4  5  6  7  8  9 10 |
---------------+-------------------------------+-----
Fighting       | 3 4 5 7 8 9 |  9.0
Maces & Flails | 3 4 5 7 8 9 |  9.0
Dodging        | 3 4 5 6 |  6.0
Stealth        | |  2.4

Action                   |  1- 3 |  4- 6 |  7- 9 | 10-12 || total
-------------------------+-------+-------+-------+-------++-------
Melee: Mace              |   101 |    97 |   423 |    37 ||   658
       Bite              |    19 |    36 |   145 |    16 ||   216
  Use: Potion            |     1 |       |     1 |     1 ||     3
       Scroll            |       |       |       |     1 ||     1
 Stab: Sleeping          |     7 |     5 |     9 |       ||    21
       Distracted        |       |       |     3 |       ||     3
Armor: Robe              |    36 |    25 |    62 |    10 ||   133
       Skin              |       |       |    18 |       ||    18
Dodge: Dodged            |    93 |    57 |   209 |    45 ||   404
